 Dungeon Crawl Stone Soup version 0.27-a0-1557-g57f10a385c (webtiles) character file.

Game seed: 9527287930649821232

123 nyamberluvr69 the Skirmisher (level 5, 0/41 HPs)
             Began as a Djinni Fighter on July 16, 2021.
             Slain by an orc (1 damage)
             ... on level 3 of the Dungeon.
             The game lasted 00:05:04 (3184 turns).

nyamberluvr69 the Skirmisher (Djinni Fighter)       Turns: 3184, Time: 00:05:05

Health: 0/41       AC:  9    Str: 22    XL:     5   Next: 29%
Gold:   122        EV:  5    Int:  9    God:
                   SH:  9    Dex: 13

rFire    + + .     SeeInvis .   a - +0 long sword
rCold    x . .     Faith    .   c - +0 kite shield
rNeg     . . .     Spirit   .   o - +0 chain mail
rPois    ∞         Reflect  .   (no helmet)
rElec    .         Harm     .   (no cloak)
rCorr    .         Rampage  .   (no gloves)
Will     .....                  (boots unavailable)
Stlth    ..........             (no amulet)
HPRegen  0.13/turn              g - +6 ring of strength
MPRegen  0.00/turn              (no ring)

@: flying
A: sickness immunity, fire resistance 2, cold vulnerability 1, float, innate
caster, hp casting, extra vitality 1
a: no special abilities


You were on level 3 of the Dungeon.
You visited 1 branch of the dungeon, and saw 3 of its levels.

You collected 122 gold pieces.

Inventory:

Hand Weapons
 a - a +0 long sword (weapon)
 n - a +4 whip of flaming
Missiles
 e - 2 throwing nets (quivered)
Armour
 b - a +0 scale mail
 c - a +0 kite shield (worn)
 o - a +0 chain mail (worn)
Jewellery
 g - a +6 ring of strength (left hand)
Scrolls
 d - a scroll of teleportation {unknown}
 i - a scroll of noise {unknown}
 j - 3 scrolls of identify {unknown}
 l - a scroll of blinking {unknown}


   Skills:
 + Level 3.9 Fighting
 * Level 3.9 Long Blades
 - Level 3.0 Armour
 - Level 3.0 Shields


You had one spell level left.
You knew the following spells:

 Your Spells              Type           Power      Damage    Failure   Level
a - Sting                 Tmut/Pois      0%         1d3       100%        1
b - Slow                  Hex            0%         N/A       100%        2
Your spell library was empty.


Dungeon Overview and Level Annotations

Branches:
Dungeon (3/15)

Altars:


Innate Abilities, Weirdness & Mutations

You are immune to sickness and miasma.
You are immune to poison.
Your flesh is very heat resistant. (rF++)
You are vulnerable to cold. (rC-)
You float through the air rather than walking.
You learn spells naturally, not from books.
Your magical power is your life essence.
You have superior vitality. (+4 HP)


Message History

The orc hits you but does no damage.
You barely miss something.
You hear some strange, mumbled words.
You are confused.
The orc hits you but does no damage. The orc hits you with a +0 hand axe.
* * * LOW HITPOINT WARNING * * *
You hear some strange, mumbled words.
A magic dart appears from out of thin air!
The magic dart hits you but does no damage.
The orc hits you but does no damage. The orc barely misses you.
You hit the orc.
The orc is heavily wounded.
You feel less wooden.
Your +0 chain mail unmelds from your body.
Something hits you but does no damage. The orc hits you but does no damage.
The orc barely misses you.
You're too confused to attack without stumbling around!
Unknown command.
You miss something. Something hits you but does no damage.
The orc hits you with a +0 mace.
* * * LOW HITPOINT WARNING * * *
The orc hits you with a +0 hand axe.
* * * LOW HITPOINT WARNING * * *
Something hits you but does no damage. The orc hits you but does no damage.
The orc hits you with a +0 hand axe.
* * * LOW HITPOINT WARNING * * *
Things that are here:
a +0 dagger; a +0 robe Unknown command.
The orc hits you but does no damage.
An orc wizard appears from thin air!
Reactivating autopickup.
The orc hits you but does no damage. The orc closely misses you.
The orc wizard mumbles some strange words.
The orc wizard flickers and vanishes!
Deactivating autopickup; reactivate with Ctrl-A.
You bump into the rock wall.
You feel less confused. You block the orc's attack.
The orc hits you with a +0 hand axe.
You die...

###.^.........(..#
##.##########.##
##.# #.# ##.)# #+#
##...## ##.....##
#.).....#
##oo....###
##@....<..
##....### #.#.##
....# ###.# #


You could see 2 orcs.

Vanquished Creatures
  An orc wizard (D:3)
  3 adders (D:3)
  A worm (D:3)
  A dart slug (D:3)
  4 orcs
  8 endoplasms
  3 giant cockroaches
  6 goblins
  7 hobgoblins
  8 jackals
  3 kobolds
  A quokka (D:1)
  2 ball pythons (D:2)
  5 bats
  3 frilled lizards
  3 rats
59 creatures vanquished.

Notes
Turn   | Place    | Note
-------+----------+-------------------------------------------
     0 | D:1      | nyamberluvr69 the Djinni Fighter began the quest for the
                  | Orb.
     0 | D:1      | Reached XP level 1. HP: 20/20 MP: 0/0
   313 | D:1      | Reached XP level 2. HP: 16/25 MP: 0/0
   699 | D:1      | Reached XP level 3. HP: 25/30 MP: 0/0
   699 | D:1      | Learned a level 1 spell: Sting
  2200 | D:3      | Reached XP level 4. HP: 31/35 MP: 0/0
  2722 | D:3      | Found a faded altar of an unknown god.
  2999 | D:3      | Reached XP level 5. HP: 40/41 MP: 0/0
  2999 | D:3      | Learned a level 2 spell: Slow
  3180 | D:3      | HP: 1/41 [orc (3)]
  3184 | D:3      | Slain by an orc

Illustrated notes

Levels and vault maps discovered:
D:1:      dpeg_arrival_erosion, layout_basic, minivault_23
D:2:      layout_basic, st_stairs_9
D:3:      layout_loops_corners, chequers_ecumenical_altar_island,
          minmay_stone_trees_small, grunt_decor_clamped

Skill      XL: |  1  2  3 |
---------------+----------+-----
Long Blades    | 2 3 |  3.9
Fighting       | |  3.9
Armour         | |  3.0
Shields        | |  3.0

Action                   |  1- 3 |  4- 6 || total
-------------------------+-------+-------++-------
Melee: Long sword        |    98 |   103 ||   201
  Use: Potion            |     1 |     4 ||     5
Armor: Scale mail        |    42 |    29 ||    71
       Chain mail        |       |    55 ||    55
       Skin              |       |    76 ||    76
Dodge: Dodged            |    42 |    40 ||    82
Block: Kite shield       |    64 |    59 ||   123
       Rpst.: Long sword |    15 |     9 ||    24

Table legend: (Time is in decaauts)
 A = Elapsed time spent in this place.
 B = Non-inter-level travel time spent in this place.
 C = Inter-level travel time spent in this place.
 D = Time resting spent in this place.
 E = Time spent auto-exploring this place.
 F = Levels seen in this place.
 G = Mean time per level.
                   A        B        C        D        E       F      G
               +--------+--------+--------+--------+--------+-----+--------+
         Total |   3281 |   3206 |     75 |    583 |   2092 |   3 | 1093.7 |
       Dungeon |   3281 |   3206 |     75 |    583 |   2092 |   3 | 1093.7 |
               +--------+--------+--------+--------+--------+-----+--------+

Top non-repeatable levels by time:
     D:1: 1268 daAuts
     D:2: 1066 daAuts
     D:3: 947 daAuts
